Map: Ascension to Aiur LE

Players

JohnSnow - Winner!

  • Race: Terran Terran
  • Spawn Location: 5:00

A.I. 1 (Hard)

  • Race: Zerg Zerg
  • Spawn Location: 11:00

VOD

Have the link to the VOD?

Description

Time

  • Played on: Jan. 12, 2018, 2:53 p.m.
  • Length: 12:20
Show
View Real Time Build Order
Export as new Build Order

JohnSnow Terran - Winner!

Build Orders:  

Get SALT Encoding   

  12  0:01  SCV  
  13  0:14  SCV  
  14  0:19  Supply Depot  
  14  0:26  SCV  
  15  0:41  SCV  
  16  0:44  Barracks  
  16  0:53  SCV  
  17  1:05  SCV  
  18  1:14  Barracks  
  18  1:17  SCV  
  19  1:29  SCV  
  19  1:31  Supply Depot  
  20  1:35  Marine  
  21  1:53  Marine  
  22  2:01  Command Center  
  22  2:04  Marine  
  23  2:09  Barracks  
  23  2:11  Marine  
  24  2:18  Supply Depot  
  24  2:22  Marine  
  24  2:29  Marine  
  26  2:34  Orbital Command  
  26  2:40  Marine, Supply Depot  
  27  2:47  Marine  
  28  2:58  Marine x2  
  29  3:04  Marine  
  31  3:15  Marine  
  31  3:17  SCV x2  
  34  3:22  Marine x2  
  36  3:29  SCV  
  36  3:33  Marine  
  38  3:38  Barracks  
  38  3:40  Marine x2  
  40  3:51  Marine  
  40  3:54  SCV  
  42  3:56  Orbital Command  
  41  4:08  Marine  
  41  4:09  Marine x2  
  44  4:15  Orbital Command  
  44  4:26  Marine x2  
  44  4:27  Marine, Barracks  
  47  4:33  SCV  
  47  4:36  Marine  
  49  4:44  Marine x3  
  49  4:45  SCV  
  53  4:54  Marine  
  52  5:02  Marine  
  48  5:13  Marine x4  
  51  5:20  Marine  
  45  5:31  Marine x4  
  48  5:38  Marine  
  48  5:42  SCV x2  
  50  5:49  Marine x4  
  54  5:54  SCV x2  
  54  5:55  Marine  
  55  6:06  SCV x2, Marine  
  55  6:07  Marine x3  
  61  6:13  Marine  
  61  6:18  SCV  
  62  6:29  Supply Depot  
  62  6:32  Supply Depot  
  62  6:41  Supply Depot  
  62  6:46  Barracks  
  62  6:50  Marine x5  
  62  6:51  SCV x2  
  64  7:08  Marine x5  
  55  7:52  Marine  
  55  7:53  Marine x5  
  61  8:10  Marine x2  
  61  8:11  Marine x4  
  61  8:12  Supply Depot  
  58  8:28  Marine x3  
  58  8:29  Marine x3  
  58  8:30  SCV x2  
  66  8:42  SCV x2  
  66  8:46  Marine x4  
  66  8:47  Marine x2  
  74  8:50  Barracks  
  74  8:54  SCV  
  75  8:56  Command Center  
  75  9:04  Marine x6  
  75  9:05  Engineering Bay  
  73  9:22  Marine x4  
  77  9:59  Marine x6  
  81  10:00  Marine  
  80  10:16  Marine  
  80  10:17  Marine x6  
  87  10:21  SCV x2  
  88  10:33  SCV x2  
  88  10:34  Marine x2  
  88  10:35  Marine x5  
  97  10:45  SCV  
  98  10:52  Marine x3  
  98  10:53  Marine x4  
  104  11:10  Marine x4  
  104  11:11  Marine x3  
  107  11:28  Marine x2  
  109  11:33  Marine  
  109  11:36  Supply Depot  
  109  11:40  Refinery  
  109  11:57  Marine x7  
Show
View Real Time Build Order
Export as new Build Order

A.I. 1 (Hard) Zerg 

Build Orders: Hatch First 

Get SALT Encoding   

  12  0:01  Drone  
  13  0:12  Overlord  
  13  0:16  Drone  
  14  0:30  Drone  
  14  0:31  Drone  
  14  0:34  Drone  
  17  0:52  Hatchery  
  17  0:56  Drone  
  17  1:12  Spawning Pool  
  17  1:13  Drone  
  17  1:17  Drone  
  18  1:19  Extractor  
  18  1:22  Drone  
  18  1:29  Overlord  
  18  1:38  Drone  
  19  1:59  Zergling x4  
  19  2:00  Queen  
  23  2:02  Roach Warren  
  23  2:04  Drone  
  23  2:07  Extractor  
  22  2:18  Baneling Nest  
  22  2:22  Drone  
  22  2:24  Drone  
  22  2:27  Zergling x2  
  24  2:32  Zergling x2  
  24  2:37  Drone  
  26  2:40  Zergling x2  
  27  2:52  Roach  
  27  2:56  Overlord  
  29  3:04  Roach  
  31  3:12  Drone  
  32  3:14  Drone  
  32  3:16  Roach  
  32  3:18  Drone  
  36  3:24  Overlord  
  36  3:28  Lair, Drone  
  36  3:29  Baneling  
  37  3:45  Drone  
  37  3:47  Drone  
  39  3:55  Evolution Chamber  
  39  3:58  Evolution Chamber  
  39  4:01  Drone  
  37  4:04  Drone  
  37  4:09  Roach  
  40  4:21  Roach  
  40  4:23  Overlord  
  42  4:30  Hydralisk Den  
  42  4:31  Drone  
  42  4:33  Roach  
  44  4:39  Drone  
  44  4:42  Drone  
  44  4:45  Drone  
  47  4:48  Drone  
  48  4:53  Overlord  
  48  4:56  Drone  
  48  4:58  Drone  
  48  4:59  Hydralisk  
  49  5:01  Drone  
  47  5:07  Drone  
  47  5:12  Roach, Drone  
  49  5:14  Drone  
  44  5:24  Roach  
  44  5:25  Drone  
  45  5:31  Drone  
  44  5:36  Roach, Drone  
  44  5:37  Drone  
  44  5:39  Drone  
  49  5:45  Overlord, Drone  
  49  5:48  Roach  
  49  5:49  Drone  
  51  5:51  Drone  
  51  5:56  Zerg Melee Weapons Level 1  
  50  5:59  Extractor, Drone  
  50  6:00  Hydralisk  
  50  6:06  Extractor  
  50  6:09  Zerg Ground Armor Level 1, Drone  
  50  6:12  Drone  
  50  6:17  Roach, Drone  
  52  6:19  Drone  
  52  6:22  Overlord  
  53  6:29  Roach  
  53  6:30  Burrow  
  53  6:40  Hydralisk, Drone  
  53  6:43  Queen, Overlord  
  53  6:44  Drone  
  55  6:49  Drone  
  55  6:51  Drone  
  55  6:53  Zergling x2  
  58  7:02  Overlord, Zergling x2  
  59  7:10  Zergling x2  
  59  7:13  Zergling x2, Metabolic Boost  
  59  7:15  Drone  
  58  7:17  Drone  
  57  7:26  Roach, Overlord  
  59  7:37  Drone  
  60  7:38  Roach  
  60  7:43  Overseer  
  62  7:45  Overseer  
  62  7:47  Drone  
  62  7:48  Overlord  
  62  7:50  Roach, Zerg Missile Weapons Level 1  
  65  7:52  Spore Crawler  
  65  7:53  Drone  
  65  7:57  Spore Crawler, Drone  
  65  8:00  Spore Crawler  
  65  8:01  Drone  
  65  8:02  Roach  
  65  8:05  Spore Crawler  
  66  8:09  Queen, Overlord  
  66  8:11  Drone  
  62  8:20  Roach  
  62  8:21  Spine Crawler  
  62  8:23  Spine Crawler  
  62  8:24  Drone  
  63  8:28  Spine Crawler  
  63  8:29  Drone  
  63  8:32  Roach  
  63  8:33  Spine Crawler  
  64  8:34  Drone  
  64  8:38  Queen  
  67  8:45  Roach, Queen  
  71  8:50  Infestation Pit  
  71  8:51  Roach  
  71  8:54  Roach  
  71  8:55  Hydralisk  
  70  9:04  Overseer  
  70  9:05  Drone  
  70  9:06  Roach  
  59  9:17  Zergling x2  
  59  9:18  Spire  
  57  9:25  Hatchery  
  57  9:28  Infestor, Hive  
  49  9:39  Zergling x2  
  36  9:48  Drone  
  36  9:49  Drone  
  36  9:51  Drone  
  36  9:52  Drone  
  25  9:54  Drone  
  25  9:55  Drone  
  22  10:21  Drone x2  
  22  10:23  Overseer, Zergling x2, Drone  
  22  10:24  Drone  
  22  10:27  Drone  
  26  10:28  Drone  
  26  10:33  Corruptor  
  27  10:37  Pneumatized Carapace  
  27  10:39  Queen, Overseer, Drone  
  21  10:43  Drone  
  21  10:47  Infestation Pit  
  16  10:53  Drone  
  17  11:02  Drone  
  18  11:10  Drone  
  18  11:12  Drone  
  18  11:13  Corruptor  
  14  11:24  Infestor  
  8  11:37  Drone  
  8  11:38  Drone  
  8  11:46  Drone  
  7  11:48  Drone  
  7  11:52  Spawning Pool  
Tags
 
Add a new tag
Caveats
  • Supply blocks, unpowered buildings, or Contaminate may cause inaccurate times.
  • Supply counts are checked every 10 seconds.